 Seeded DCSS version 0.30.1-11-g7821555f0a (webtiles) character file.

Game seed: 6962973379254283827 (custom seed)

15 Psyclone the Conjurer (level 2, 15/15 HPs)
             Began as a Deep Elf Conjurer on Nov 7, 2023.
             Quit the game on level 1 of the Dungeon.
             The game lasted 00:06:20 (668 turns).

Psyclone the Conjurer (Deep Elf Conjurer)            Turns: 668, Time: 00:06:21

Health: 15/15      AC:  3    Str:  4    XL:     2   Next: 34%
Magic:  8/8        EV: 12    Int: 22    God:
Gold:   967        SH:  0    Dex: 13    Spells: 6/7 levels left

rFire   . . .        f - +0 short sword
rCold   . . .        (no shield)
rNeg    . . .        a - +0 robe
rPois   .            (no helmet)
rElec   .            (no cloak)
rCorr   .            e - +0 pair of gloves
SInv    .            (no boots)
Will    .....        (no amulet)
Stlth   ++           (no ring)
HPRegen 0.22/turn    (no ring)
MPRegen 0.11/turn

%: no passive effects
@: weak-willed, flying
A: no striking features
a: no special abilities


You were on level 1 of the Dungeon.
You visited 1 branch of the dungeon, and saw 1 of its levels.

You collected 967 gold pieces.

Inventory:

Hand Weapons
 f - a +0 short sword (weapon)
Armour
 a - a +0 robe (worn)
 e - a +0 pair of gloves (worn)
Jewellery
 o - a +6 ring of intelligence
Scrolls
 c - a scroll of identify {@r1}
Potions
 b - a potion of magic
 l - 2 potions of attraction


   Skills:
 - Level 2.4 Dodging
 - Level 2.4 Stealth
 + Level 3.4 Spellcasting
 * Level 4.9 Conjurations


You had 6 spell levels left.
You knew the following spells:

 Your Spells              Type           Power      Damage    Failure   Level
a - Magic Dart            Conj           100%       1d8       1%          1

Your spell library contained the following spells:

 Spells                   Type           Power      Damage    Failure   Level
 Searing Ray              Conj           50%        2d6       2%          2
 Dazzling Flash           Conj/Hex       28%        N/A       13%         3
 Fulminant Prism          Conj/Hex       7%         3d7       41%         4
 Iskenderun's Mystic Bla  Conj/Tloc      14%        2d5       41%         4


Dungeon Overview and Level Annotations

Branches:
Dungeon (1/15) Zot: 5331

Altars:


Message History

There is an open door here.
You enter the shallow water.
Moving in this stuff is going to be slow.
Done exploring.
Done exploring.
Okay, then.
Okay, then.
As you read the scroll labelled ZAANTO PARARO, it crumbles to dust.
It is a scroll of identify.
l - 2 potions of attraction
As you read the scroll labelled DICKOS LOHEUDE, it crumbles to dust.
The air around you briefly surges with heat, but it dissipates.
It was a scroll of immolation.
As you read the scroll labelled BALAIGH MEULI, it crumbles to dust.
The scroll dissolves into smoke.
It was a scroll of fog.
As you read the scroll labelled TUXER SOALIA, it crumbles to dust.
Magic quickly surges around you.
It was a scroll of vulnerability.
This is a scroll of acquirement!
You hear a splash.
Something appears at your feet!
You now have 967 gold pieces (gained 924).
As you read the scroll labelled KYRERO LEVIB, it crumbles to dust.
You hear a loud clanging noise!
It was a scroll of noise.
As you read the scroll labelled ERPHAE USTEN, it crumbles to dust.
It is a scroll of amnesia.
Really abort (and waste the scroll)? [Y]es or [N]o only, please.
Really abort (and waste the scroll)?
Okay, then.
It was a potion of heal wounds.
You feel much better.
It was a potion of flight.
You feel very buoyant.
You fly up into the air.
Search for what [? for help]? altar Can't find anything matching that.
Unknown command.
Unknown command.
Unknown command.
Are you sure you want to abandon this character and quit the game? (Confirm with "yes".)

#.# #.# #####.#
######.#. #.# #.## #.#
#.#. ..# #..# #.## #.#.
.## ##.# #..## #.#. ##
#.# #...# ########...
#.# ###'####.......)..
#.#
####§♣.♣≈###########.
######.######.#§§♣.♣≈≈#
#.
#.............#§@♣.♣~≈#
#.
#.####.########§♣§§.♣~#
#. .># #.# #♣.§§..♣# #.
### #.# #>#.#.# #. #.#
###<######## ####. #.#
### #...# #.... #.#
##############.###....
#.#
##.....#.....##.#....##
#.#
##...................##


There were no monsters in sight!

Vanquished Creatures
  2 endoplasms (D:1)
  2 goblins (D:1)
  A hobgoblin (D:1)
  4 kobolds (D:1)
  A quokka (D:1)
  A ball python (D:1)
  A bat (D:1)
  A rat (D:1)
13 creatures vanquished.

Notes
Turn   | Place    | Note
-------+----------+-------------------------------------------
     0 | D:1      | Psyclone the Deep Elf Conjurer began the quest for the Orb.
     0 | D:1      | Reached XP level 1. HP: 10/10 MP: 6/6
   178 | D:1      | Reached XP level 2. HP: 15/15 MP: 4/8
   662 | D:1      | Identified a scroll of acquirement
   662 | D:1      | Acquired 924 gold pieces
   668 | D:1      | Quit the game

Illustrated notes

Levels and vault maps discovered:
D:1:      saegor_arrival_simple_d, layout_rooms

Action                     || total
---------------------------++-------
   Cast: Magic Dart        ||    21
    Use: Scroll            ||     7
         Potion            ||     2
  Dodge: Dodged            ||     3
